 Dungeon Crawl Stone Soup version 0.17.0-9-g801d43b (webtiles) character file.

3760 Azhtabak the Carver (level 9, -1/61 HPs)
             Began as a High Elf Gladiator on Nov 10, 2015.
             Was an Elder of Okawaru.
             Succumbed to Mayheim's ghost's toxic radiance
             ... on level 7 of the Dungeon.
             The game lasted 00:43:46 (8919 turns).

Azhtabak the Carver (High Elf Gladiator)            Turns: 8919, Time: 00:43:46

Health: -1/61      AC:  8    Str: 14    XL:     9   Next: 94%
Magic:  12/12      EV: 15    Int: 12    God:    Okawaru [****..]
Gold:   403        SH:  0    Dex: 20    Spells: 0 memorised, 8 levels left

rFire  . . .     SeeInvis .     a - +2 long sword
rCold  . . .     Clarity  .     p - +0 ring mail
rNeg   . . .     SustAt   .     (no shield)
rPois  .         Gourm    .     V - +0 helmet
rElec  .         Spirit   .     v - +0 cloak
rCorr  +         Warding  .     (no gloves)
rMut   .         Stasis   .     r - +0 pair of boots
MR     .....                    N - amulet of resist corrosion
Stlth  +.........               (no ring)
                                (no ring)

@: lethally poisoned (-1 -> -57), not resistant to hostile enchantments, very
unstealthy
A: no striking features
a: Heroism, Renounce Religion


You were on level 7 of the Dungeon.
You worshipped Okawaru.
Okawaru was greatly pleased with you.
You were not hungry.

You visited 2 branches of the dungeon, and saw 9 of its levels.

You collected 403 gold pieces.

Inventory:

Hand Weapons
 a - a +2 long sword (weapon)
 b - a +0 hunting sling
Missiles
 g - 214 stones
 n - 12 poisoned needles
 s - 2 steel javelins
 A - 3 tomahawks
 C - 6 javelins
 J - 40 arrows
 M - 3 javelins of returning (quivered)
Armour
 p - a +0 ring mail (worn)
 r - a +0 pair of boots (worn)
 v - a +0 cloak (worn)
 V - a +0 helmet (worn)
Jewellery
 N - an amulet of resist corrosion (around neck)
Wands
 w - a wand of frost (23)
 B - a wand of magic darts (14)
 O - a wand of fireball (5)
 T - a wand of draining (2)
Scrolls
 i - 2 scrolls of noise {unknown}
 m - a scroll of enchant armour {unknown}
 o - a scroll of remove curse
 q - a scroll of blinking
 y - a scroll of random uselessness {unknown}
 z - 2 scrolls of recharging {unknown}
 D - a scroll of fog
 L - a scroll of magic mapping {unknown}
 P - a scroll of acquirement {unknown}
 Q - a scroll of fear {unknown}
 S - 3 scrolls of identify
Potions
 d - 2 potions of invisibility
 f - 2 potions of heal wounds
 h - 4 potions of curing
 k - a potion of resistance {unknown}
 l - 2 potions of cancellation
 t - 2 potions of agility
 E - a potion of poison {unknown}
 F - a potion of magic {unknown}
 H - a potion of haste {unknown}
 I - a potion of flight {unknown}
Books
 K - a Necronomicon

   Spells                             Type                      Level
   a - Haunt                          Necromancy/Summoning         7
   b - Borgnjor's Revivification      Necromancy                   8
   c - Death's Door                   Charms/Necromancy            8
   d - Necromutation                  Transmutation/Necromancy     8
Comestibles
 e - 6 bread rations
 j - 3 fruits
 u - a meat ration
 x - a slice of pizza
 R - a royal jelly


   Skills:
 + Level 5.5 Fighting
 * Level 13.8 Long Blades
 + Level 2.5 Throwing
 - Level 6.0 Dodging
 + Level 3.4 Evocations


You had 8 spell levels left.
You didn't know any spells.

Dungeon Overview and Level Annotations

Branches:
Dungeon (8/15)             Temple (1/1) D:4
   Lair: D:8-11

Altars:
Ashenzari
Cheibriados
Dithmenos
Elyvilon
Fedhas
Gozag
Kikubaaqudgha
Makhleb
Nemelex Xobeh
Okawaru
Qazlal
Ru
Sif Muna
Trog
Vehumet
Xom
Yredelemnul
Zin
The Shining One

Annotations:
D:8 Mayheim's ghost, novice SpVM


Message History

You are poisoned.
There is a stone staircase leading up here.
You feel sick.
You are more poisoned.
Mayheim's ghost points at you and mumbles some strange words.
The sting hits you!
You are more poisoned.
You feel sick.
You are more poisoned.
Mayheim's ghost hits you but does no damage.
You hit Mayheim's ghost.
Mayheim's ghost is lightly damaged.
You feel sick.
You are lethally poisoned!
You feel very sick.
* * * LOW HITPOINT WARNING * * *
You are more poisoned.
Mayheim's ghost barely misses you.
You climb upwards.
You die...

.#.#.#.#.#
.#.#.#.#.#
<#.#.#.#.#
##.#.#.#.#
...#.#.#.#
####.#.#.#
...#.#.#.#
.......#.#########
................@###
##.#...###.........#
....)#.............#
##.#.........<.....#
#.#†#..##.........#
#.#.#..##.........#
#.#.#..##[........#
#.#>#...#.........#
#.#.#.#.#.........#


There were no monsters in sight!

Vanquished Creatures
  Pikel (D:5)
  A troll (D:7)
  A deep elf mage (D:7)
  Eustachio (D:6)
  A hungry ghost (D:7)
  2 water moccasins
  A sky beast (D:6)
  3 ice beasts
  A phantom (D:4)
  3 slaves
  5 ogres
  3 giant frogs
  Blork the orc (D:6)
  A scorpion (D:4)
  5 killer bees (D:7)
  4 wights (D:7)
  2 crimson imps (D:7)
  A giant frog zombie (D:5)
  2 orc priests (D:5)
  A jelly (D:5)
  6 hounds
  5 orc wizards
  Natasha (thrice) (D:3)
  4 worker ants
  A hound zombie (D:5)
  4 gnolls (D:4)
  5 adders
  4 worms
  2 adder skeletons
  4 giant geckos
  24 orcs
  9 giant cockroaches
  6 goblins
  4 hobgoblins
  5 jackals
  6 quokkas
  3 ball pythons
  7 bats
  5 giant newts
  A jackal skeleton (D:6)
  5 kobolds
  A quokka zombie (D:6)
  8 rats
  A spectral orc (D:7)
163 creatures vanquished.

Notes
Turn   | Place    | Note
--------------------------------------------------------------
     0 | D:1      | Azhtabak the High Elf Gladiator began the quest for the Orb.
     0 | D:1      | Reached XP level 1. HP: 14/14 MP: 2/2
   120 | D:1      | Reached skill level 4 in Long Blades
   247 | D:1      | Reached XP level 2. HP: 19/19 MP: 3/3
   780 | D:2      | Reached skill level 5 in Long Blades
   926 | D:2      | Reached XP level 3. HP: 24/24 MP: 4/4
  1480 | D:3      | Found a bloodstained altar of Trog.
  1757 | D:3      | Reached XP level 4. HP: 25/29 MP: 5/5
  1784 | D:3      | Noticed Natasha
  1791 | D:3      | Killed Natasha
  1791 | D:3      | Reached skill level 6 in Long Blades
  2069 | D:3      | Reached skill level 7 in Long Blades
  2069 | D:3      | Reached XP level 5. HP: 29/34 MP: 6/6
  2652 | D:3      | Noticed Natasha
  2660 | D:3      | Killed Natasha
  2684 | D:3      | Noticed Natasha
  2816 | D:3      | Killed Natasha
  2871 | D:4      | Found a staircase to the Ecumenical Temple.
  2874 | Temple   | Entered the Ecumenical Temple
  2909 | Temple   | Became a worshipper of Warmaster Okawaru
  2997 | Temple   | Reached skill level 8 in Long Blades
  3071 | Temple   | Reached XP level 6. HP: 25/39 MP: 7/7
  3232 | D:4      | Noticed an ogre
  3243 | D:4      | Killed an ogre
  3401 | D:4      | Reached skill level 9 in Long Blades
  3551 | D:4      | Noticed an ogre
  3560 | D:4      | Killed an ogre
  3560 | D:4      | Reached * piety under Okawaru
  3634 | D:4      | Noticed a phantom
  3657 | D:4      | Killed a phantom
  3657 | D:4      | Reached XP level 7. HP: 30/45 MP: 8/8
  3787 | D:4      | Reached skill level 10 in Long Blades
  4245 | D:5      | Entered Level 5 of the Dungeon
  4286 | D:4      | Reached skill level 11 in Long Blades
  4704 | D:5      | Noticed Pikel
  5412 | D:5      | Reached ** piety under Okawaru
  5412 | D:5      | Reached XP level 8. HP: 22/50 MP: 9/9
  6015 | D:5      | Killed Pikel
  6015 | D:5      | Reached skill level 12 in Long Blades
  6060 | D:5      | Found a shadowy altar of Dithmenos.
  6506 | D:6      | Noticed Blork the orc
  6515 | D:6      | Killed Blork the orc
  6904 | D:6      | Reached skill level 5 in Dodging
  6998 | D:6      | Reached XP level 9. HP: 58/58 MP: 10/10
  7008 | D:6      | Reached skill level 1 in Evocations
  7308 | D:6      | Noticed Eustachio
  7382 | D:6      | Killed Eustachio
  7382 | D:6      | Reached *** piety under Okawaru
  7458 | D:7      | Reached skill level 13 in Long Blades
  7935 | D:7      | Reached skill level 5 in Fighting
  8168 | D:7      | Found a shimmering altar of Xom.
  8614 | D:7      | Found a basalt altar of Yredelemnul.
  8707 | D:7      | Reached **** piety under Okawaru
  8745 | D:8      | Noticed Mayheim's ghost (novice SpVM)
  8919 | D:7      | Succumbed to Mayheim's ghost's toxic radiance

Action                   |  1- 3 |  4- 6 |  7- 9 || total
-------------------------+-------+-------+-------++-------
Melee: Long sword        |   121 |   116 |   395 ||   632
 Fire: Hunting sling     |       |     2 |    44 ||    46
Throw: Stone             |     8 |    22 |     1 ||    31
       Throwing net      |     1 |     7 |     1 ||     9
       Javelin           |     3 |     5 |     2 ||    10
       Tomahawk          |       |     4 |       ||     4
Invok: Heroism           |       |       |     3 ||     3
  Use: Scroll            |     3 |     4 |     4 ||    11
       Potion            |       |       |     3 ||     3
 Stab: Sleeping          |     2 |       |       ||     2
       Held in net/web   |       |     1 |     2 ||     3
  Eat: Chunk             |     3 |     6 |    13 ||    22
       Pizza             |       |       |     4 ||     4
